 Dungeon Crawl Stone Soup version 0.16.0-18-g484a79e (webtiles) character file.

36832 Helmschank the Severer (level 13, -3/109 HPs)
             Began as a Deep Dwarf Necromancer on Mar 23, 2015.
             Was the Champion of Makhleb.
             Slain by a torpor snail (14 damage)
             ... on level 8 of the Lair of Beasts.
             The game lasted 02:51:30 (18671 turns).

Helmschank the Severer (Deep Dwarf Necromancer)    Turns: 18671, Time: 02:51:30

Health: -3/109     AC: 21    Str: 16    XL:     13   Next: 55%
Magic:  12/30      EV: 11    Int: 17    God:    Makhleb [******]
Gold:   811        SH:  0    Dex: 13    Spells: 3 memorised, 10 levels left

rFire  + + .     SeeInvis .     t - +1 flail (holy)
rCold  x . .     Clarity  .     C - +1 fire dragon armour
rNeg   . . .     SustAb   .     (no shield)
rPois  +         Gourm    .     W - +2 hat
rElec  .         Spirit   .     B - +1 cloak {MR+}
rCorr  .         Warding  .     v - +0 pair of gloves
rMut   .         Stasis   .     E - +2 pair of boots of Valour {+Blink}
MR     ++...                    m - amulet of rage
Stlth  +.........               G - ring of magical power
                                F - ring of poison resistance

@: very slightly contaminated, non-regenerating, slowed, very slow, very
resistant to hostile enchantments, very unstealthy
A: damage resistance, recharge devices, sense surroundings 2, slow healing 3
a: Device Recharging, Minor Destruction, Lesser Servant of Makhleb, Major
Destruction, Greater Servant of Makhleb, Renounce Religion, Evoke Blink, Evoke
Berserk Rage


You were on level 8 of the Lair of Beasts.
You worshipped Makhleb.
Makhleb was exalted by your worship.
You were hungry.

You visited 3 branches of the dungeon, and saw 18 of its levels.

You collected 995 gold pieces.
You spent 184 gold pieces at shops.

Inventory:

Hand weapons
 e - a +0 blowgun
 t - a +1 flail of holy wrath (weapon)
 w - a +2 battleaxe
Missiles
 f - 8 curare-tipped needles
 n - 33 poisoned needles
 J - 4 steel tomahawks
 S - 8 javelins
 Y - 6 poisoned javelins (quivered)
Armour
 q - a +2 leather armour of cold resistance
 v - a +0 pair of gloves (worn)
 B - a +1 cloak of magic resistance (worn)
 C - a +1 fire dragon armour (worn)
 E - the +2 pair of boots of Valour (worn) {+Blink}
   (You found it on level 3 of the Lair of Beasts)

   It lets you blink.
 W - a +2 hat (worn)
Jewellery
 m - an amulet of rage (around neck)
 u - an uncursed ring of teleportation
 F - a ring of poison resistance (left hand)
 G - a ring of magical power (right hand)
 L - an uncursed ring of ice
 Z - an uncursed amulet of resist mutation
Magical devices
 c - a wand of heal wounds (0)
 h - a wand of paralysis (13)
 y - a wand of fireball (2)
 K - a wand of digging (9)
Scrolls
 a - 5 scrolls of fog
 i - a scroll of enchant weapon
 x - a scroll of silence
 z - a scroll of recharging
 I - 4 scrolls of remove curse
 O - a scroll of holy word {unknown}
 Q - 3 scrolls of enchant armour
 R - 2 scrolls of fear
 T - 4 scrolls of identify
 V - 4 scrolls of teleportation
Potions
 g - 3 potions of curing
 o - 2 potions of brilliance
 p - 3 potions of haste
 r - 2 potions of cure mutation
 D - 2 potions of flight
 H - 6 potions of restore abilities
 N - a potion of heal wounds
 X - a potion of cancellation
Books
 b - a book of Necromancy

   Spells                             Type                      Level
   a - Pain                           Necromancy                   1
   b - Animate Skeleton               Necromancy                   1
   c - Vampiric Draining              Necromancy                   3
   d - Regeneration                   Charms/Necromancy            3
   e - Animate Dead                   Necromancy                   4
   f - Control Undead                 Necromancy                   4
Comestibles
 d - 10 bread rations
 j - 7 meat rations
 s - 16 chunks of flesh
 M - 4 beef jerkies
 U - 7 poisonous chunks of flesh


   Skills:
 - Level 5.0 Fighting
 - Level 16.7 Axes
 + Level 8.7 Armour
 - Level 5.6 Dodging
 - Level 2.4 Stealth
   Level 5.0 Shields
 - Level 1.7 Spellcasting
 - Level 9.7 Necromancy
 + Level 8.8 Invocations
 - Level 10.0 Evocations


You had 10 spell levels left.
You knew the following spells:

 Your Spells              Type           Power        Failure   Level  Hunger
v - Vampiric Draining     Necr           ####......   4%          3    ###....
x - Animate Skeleton      Necr           N/A          1%          1    #......
z - Pain                  Necr           ####         1%          1    #......


Dungeon Overview and Level Annotations

Branches:
Dungeon (9/15)             Temple (1/1) D:6            Lair (8/8) D:9
 Shoals (0/5) Lair:3        Snake (0/5) Lair:6        Slime (0/6) Lair:6
    Orc (0/4) D:9

Altars:
Ashenzari
Cheibriados
Dithmenos
Elyvilon
Fedhas
Gozag
Kikubaaqudgha
Makhleb
Nemelex Xobeh
Okawaru
Qazlal
Ru
Sif Muna
Trog
Vehumet
Xom
Yredelemnul
Zin
The Shining One

Shops:
D:6 [   D:8 =


Innate Abilities, Weirdness & Mutations

You are resistant to damage.
You can recharge devices by infusing magical energy.
You passively map the area around you.
You do not heal naturally.


Message History

The spider barely misses you.
The spider bites you but does no damage.
The eight-headed hydra bites you but does no damage.
The eight-headed hydra bites you!
* * * LOW HITPOINT WARNING * * *
The eight-headed hydra bites you.
* * * LOW HITPOINT WARNING * * *
The eight-headed hydra bites you!
* * * LOW HITPOINT WARNING * * *
The eight-headed hydra bites you!
* * * LOW HITPOINT WARNING * * *
The eight-headed hydra bites you but does no damage. x2
The eight-headed hydra bites you.
* * * LOW HITPOINT WARNING * * *
Your yak skeleton gores the guardian serpent.
Your five-headed hydra skeleton bites the eight-headed hydra. x5
The guardian serpent completely misses your yak skeleton.
Your yak skeleton gores the torpor snail.
The torpor snail bites you!
You die...

#...................#
,, ,
*#...............P#..#
, * *
#..P.............##..#,
*
#P........##.....#..##
***
.........#.......#...##
, *
#.....####........P.P..
, *..... ##...ZZ.P..P..
,,* ....
*#..ZZZD....... * ...
#.#...Z@P....P.. ,
*#....ZwSs......#,, , ,
##.....Z#......
#P.......#....,, , , ,
###....P...#.. , *
#.......... , * ,
,#.......#. , , ,
......#$. ,, , ,
.........


You could see an eight-headed hydra, a torpor snail, a guardian serpent, a
spider, a friendly five-headed hydra skeleton, 6 friendly yak skeletons and a
friendly mottled dragon skeleton.

Vanquished Creatures
  Fannar (Lair:1)
  A hydra (Lair:4)
  3 death yaks (Lair:8)
  A fire crab (Lair:8)
  Pikel (D:4)
  2 griffons (Lair:6)
  Maurice (D:8)
  4 black mambas
  2 sirens (Lair:3)
  8 spiny frogs
  A torpor snail (Lair:3)
  2 fire drakes (Lair:8)
  A komodo dragon (Lair:8)
  A merfolk (Lair:3)
  5 blink frogs
  A boulder beetle (Lair:7)
  2 basilisks
  9 hippogriffs
  Eustachio (D:7)
  33 yaks
  A hungry ghost (D:5)
  A wolf (Lair:4)
  3 wargs (D:9)
  Edmund (D:7)
  9 water moccasins
  A sky beast (D:9)
  4 porcupines
  6 ice beasts
  2 ogres
  An orc warrior (D:9)
  2 boring beetles
  A wasp (D:9)
  A black bear (D:7)
  2 centaurs
  Sigmund (D:7)
  6 crocodiles
  7 giant frogs
  A gnoll shaman (D:9)
  2 scorpions
  2 vampire bats (Lair:8)
  4 crimson imps
  3 jellies
  An electric eel (D:7)
  2 centaur zombies (D:8)
  8 wights
  7 hounds
  2 orc priests
  A centaur skeleton (D:8)
  5 orc wizards
  3 worker ants
  An iron imp (D:3)
  5 iguanas
  A killer bee zombie (D:9)
  23 sheep
  A mummy (D:7)
  A worker ant zombie (D:9)
  10 gnolls
  53 river rats
  16 adders
  A shadow imp (D:8)
  3 worms
  7 giant geckos
  An ooze (D:2)
  20 orcs
  2 bat skeletons
  2 bat zombies
  2 giant cockroaches
  6 hobgoblins
  3 jackals (D:6)
  11 kobolds
  A ball python (D:2)
  20 bats
  4 giant newts
  5 goblins
  8 quokkas
  9 rats
  12 fungi
  7 plants
405 creatures vanquished.

Vanquished Creatures (collateral kills)
  The ghost of tizzy the Basher, an experienced OgHu of Dithmenos (D:7)
  4 hydras
  4 death yaks
  A hornet (Lair:8)
  5 spiny frogs
  3 fire drakes (Lair:8)
  4 black mambas
  7 blink frogs
  A polar bear (Lair:6)
  2 slime creatures (Lair:6)
  3 boulder beetles
  A basilisk (Lair:4)
  A spriggan (Lair:1)
  23 yaks
  3 hippogriffs
  12 water moccasins
  A mottled dragon (Lair:8)
  A hungry ghost (D:8)
  3 wolves (Lair:4)
  2 porcupines
  The ghost of Lorak the Sneak, an average SpAs (D:3)
  2 spiders (Lair:8)
  A black bear (Lair:1)
  An ogre (D:6)
  A necrophage (D:7)
  4 wasps
  An ice beast (D:5)
  A boring beetle (Lair:8)
  5 crocodiles
  5 giant frogs
  Blork the orc (D:8)
  A vampire bat (Lair:8)
  A crimson imp (D:6)
  A jelly (Lair:6)
  A hound (D:7)
  3 iguanas
  2 worker ants
  2 orc wizards
  12 sheep
  A killer bee zombie (D:7)
  A worker ant zombie (D:7)
  13 river rats
  A gnoll (D:4)
  13 adders
  5 giant geckos
  6 orcs
  2 hobgoblins (D:4)
  A quokka (D:4)
  2 ball pythons (Lair:6)
  2 bats
  A giant newt (D:6)
  A goblin (D:2)
  6 kobolds
  A rat (D:6)
  3 fungi
  2 plants
189 creatures vanquished.

Vanquished Creatures (others)
  A smoke demon (Lair:8)
  A hellwing (Lair:8)
  2 death yak skeletons (Lair:8)
  2 hydra skeletons
  5 spiny frog skeletons
  A slave (D:5)
  4 blink frog skeletons
  3 fire drake skeletons (Lair:8)
  8 water moccasin skeletons
  A scorpion (D:5)
  A hippogriff skeleton (Lair:2)
  A warg skeleton (D:9)
  9 yak skeletons
  A basilisk skeleton (Lair:6)
  2 giant frog skeletons
  2 porcupine skeletons
  4 crocodile skeletons
  2 hound skeletons
  A worm (D:5)
  A human skeleton (D:7)
  14 adder skeletons
  An iguana skeleton (D:8)
  15 sheep skeletons
  A giant gecko (D:5)
  9 bat skeletons
  2 ball python skeletons
  2 giant gecko skeletons
  A giant newt skeleton (D:4)
  3 gnoll skeletons (D:4)
  2 goblin skeletons (D:2)
  2 hobgoblin skeletons
  2 kobold skeletons
  9 orc skeletons
  3 quokka skeletons
  5 rat skeletons
  29 river rat skeletons
  A bush (Lair:8)
  A butterfly (D:5)
  6 fungi (Lair:8)
  7 plants
167 creatures vanquished.

Grand Total: 761 creatures vanquished

Notes
Turn   | Place    | Note
--------------------------------------------------------------
     0 | D:1      | Helmschank, the Deep Dwarf Necromancer, began the quest for the Orb.
     0 | D:1      | Reached XP level 1. HP: 15/15 MP: 2/2
   161 | D:1      | Learned a level 1 spell: Animate Skeleton
   772 | D:1      | Reached XP level 2. HP: 11/22 MP: 0/3
   857 | D:1      | Reached skill level 5 in Necromancy
  1344 | D:2      | Found a sparkling altar of Nemelex Xobeh.
  1465 | D:2      | Found a bloodstained altar of Trog.
  1499 | D:2      | Reached XP level 3. HP: 17/28 MP: 3/5
  1839 | D:2      | You fall through a shaft!
  1995 | D:3      | Noticed Lorak's ghost (average SpAs)
  2012 | D:3      | Killed Lorak's ghost
  2012 | D:3      | Reached skill level 6 in Necromancy
  2012 | D:3      | Reached XP level 4. HP: 29/36 MP: 6/6
  2350 | D:3      | Learned a level 3 spell: Vampiric Draining
  2370 | D:3      | Found a burning altar of Makhleb.
  2400 | D:3      | Reached XP level 5. HP: 12/43 MP: 7/7
  2404 | D:3      | Became a worshipper of Makhleb the Destroyer
  2446 | D:3      | Found a stormy altar of Qazlal.
  2462 | D:3      | Reached skill level 1 in Armour
  2722 | D:3      | Reached skill level 1 in Fighting
  2811 | D:3      | Reached skill level 1 in Axes
  2823 | D:3      | Acquired Makhleb's first power
  2929 | D:4      | Found a bloodstained altar of Trog.
  2986 | D:4      | Found a glowing golden altar of the Shining One.
  3143 | D:4      | Reached XP level 6. HP: 24/51 MP: 9/9
  3471 | D:4      | Reached skill level 1 in Shields
  3748 | D:5      | Entered Level 5 of the Dungeon
  3761 | D:5      | Noticed a hungry ghost
  3796 | D:5      | Killed a hungry ghost
  4005 | D:5      | Noticed Pikel
  4069 | D:4      | Killed Pikel
  4069 | D:4      | Reached skill level 5 in Axes
  4069 | D:4      | Reached XP level 7. HP: 14/57 MP: 10/10
  4140 | D:5      | Reached XP level 8. HP: 21/64 MP: 2/12
  4207 | D:5      | Acquired Makhleb's second power
  4288 | D:5      | Found a shimmering altar of Xom.
  4590 | D:6      | Reached skill level 5 in Armour
  4592 | D:6      | Found Alen's Antique Armour Emporium.
  5431 | D:6      | Bought a runed cloak for 130 gold pieces
  5474 | D:6      | Acquired Makhleb's third power
  5477 | D:6      | Reached skill level 5 in Shields
  5522 | D:6      | Found a staircase to the Ecumenical Temple.
  5539 | Temple   | Entered the Ecumenical Temple
  6053 | D:7      | Noticed Eustachio
  6067 | D:7      | Noticed Sigmund
  6079 | D:7      | Reached skill level 5 in Evocations
  6080 | D:7      | Killed Eustachio
  6082 | D:7      | Killed Sigmund
  6082 | D:7      | Reached skill level 7 in Axes
  6082 | D:7      | Gained mutation: You passively map the area around you. [level up]
  6082 | D:7      | Reached XP level 9. HP: 45/70 MP: 13/16
  6399 | D:7      | Acquired Makhleb's fourth power
  6455 | D:7      | Noticed tizzy's ghost (experienced OgHu)
  6463 | D:7      | Your ally Sigmund died
  6494 | D:7      | Killed tizzy's ghost
  6494 | D:7      | Reached skill level 9 in Axes
  6586 | D:7      | Noticed Edmund
  6608 | D:7      | Killed Edmund
  6621 | D:7      | Found an ancient bone altar of Kikubaaqudgha.
  7142 | D:8      | Found Braph's Jewellery Shop.
  7150 | D:8      | Bought a cursed ring of loudness for 54 gold pieces
  7211 | D:8      | Reached skill level 10 in Axes
  7231 | D:8      | Noticed Maurice
  7300 | D:8      | Paralysed by Maurice for 2 turns
  7314 | D:8      | Paralysed by Maurice for 3 turns
  7350 | D:8      | Paralysed by something for 6 turns
  7396 | D:8      | Killed Maurice
  7728 | D:8      | Reached XP level 10. HP: 28/78 MP: 16/16
  7742 | D:8      | Noticed Blork the orc
  7751 | D:8      | Killed Blork the orc
  8121 | D:9      | Paralysed by a wasp for 2 turns
  8124 | D:9      | Acquired Makhleb's fifth power
  8311 | D:9      | Found a staircase to the Orcish Mines.
  8505 | D:9      | Reached skill level 11 in Axes
  8698 | D:9      | Found a staircase to the Lair.
  8915 | Lair:1   | Entered Level 1 of the Lair of Beasts
  9008 | Lair:1   | Noticed a spriggan rider
  9020 | Lair:1   | Killed a wasp
  9031 | Lair:1   | Killed a spriggan
  9626 | Lair:1   | Noticed Fannar
  9717 | Lair:1   | Killed Fannar
  9812 | Lair:1   | Reached skill level 12 in Axes
 10200 | Lair:2   | Reached XP level 11. HP: 79/92 MP: 15/15
 10743 | Lair:2   | Noticed a black mamba
 10755 | Lair:2   | Killed a black mamba
 11178 | Lair:3   | Noticed a six-headed hydra
 11396 | Lair:3   | Noticed a death yak
 11502 | Lair:3   | Reached skill level 5 in Fighting
 11847 | Lair:3   | Found a staircase to the Shoals.
 11905 | Lair:3   | Reached skill level 13 in Axes
 12160 | Lair:3   | Killed a death yak
 12274 | Lair:3   | Got a pair of distressingly furry boots
 12280 | Lair:3   | Identified the +2 pair of boots of Valour {+Blink} (You found it on level 3 of the Lair of Beasts)
 12810 | Lair:4   | Noticed a seven-headed hydra
 12820 | Lair:4   | Killed a seven-headed hydra
 12992 | Lair:4   | Reached skill level 14 in Axes
 13067 | Lair:4   | Reached skill level 5 in Dodging
 13068 | Lair:4   | Noticed an eight-headed hydra
 13072 | Lair:4   | Killed an eight-headed hydra
 13665 | Lair:5   | Found a burning altar of Makhleb.
 13751 | Lair:5   | Reached XP level 12. HP: 103/103 MP: 14/17
 14457 | Lair:6   | Reached skill level 15 in Axes
 14531 | Lair:6   | Found a staircase to the Slime Pits.
 14946 | Lair:6   | Found a staircase to the Snake Pit.
 15957 | Lair:7   | Reached skill level 10 in Evocations
 15987 | Lair:7   | Reached skill level 16 in Axes
 16089 | Lair:7   | Noticed a seven-headed hydra
 16097 | Lair:7   | Killed a seven-headed hydra
 16097 | Lair:7   | Reached skill level 1 in Invocations
 17248 | Lair:8   | Entered Level 8 of the Lair of Beasts
 17428 | Lair:8   | Reached XP level 13. HP: 98/109 MP: 2/21
 17603 | Lair:8   | Reached skill level 5 in Invocations
 17760 | Lair:8   | Noticed a six-headed hydra
 17766 | Lair:8   | Killed a six-headed hydra
 18388 | Lair:8   | Noticed a five-headed hydra
 18397 | Lair:8   | Killed a five-headed hydra
 18671 | Lair:8   | Slain by a torpor snail

Action                   |  1- 3 |  4- 6 |  7- 9 | 10-12 | 13-15 || total
-------------------------+-------+-------+-------+-------+-------++-------
Melee: Mace              |    75 |    85 |       |       |       ||   160
       Unarmed           |     7 |       |       |       |       ||     7
       Short sword       |     3 |       |       |       |       ||     3
       Hand axe          |       |   203 |   237 |       |       ||   440
       War axe           |       |       |   289 |   654 |       ||   943
       Battleaxe         |       |       |       |   413 |   158 ||   571
       Flail             |       |       |       |    11 |       ||    11
 Fire: Blowgun           |       |     2 |     2 |     9 |    13 ||    26
Throw: Stone             |     5 |       |       |       |       ||     5
       Tomahawk          |       |       |     6 |    21 |       ||    27
       Javelin           |       |       |       |    17 |     3 ||    20
 Cast: Pain              |    19 |     2 |    26 |     2 |       ||    49
       Animate Skeleton  |    16 |    20 |    27 |   120 |    45 ||   228
       Vampiric Draining |       |       |       |   122 |    45 ||   167
Invok: Lesser Servant of |       |       |       |       |     4 ||     4
 Abil: Device Recharging |       |       |     3 |     2 |       ||     5
Evoke: Wand              |     2 |     3 |    11 |    12 |     3 ||    31
  Use: Scroll            |       |     9 |     7 |    16 |     2 ||    34
       Potion            |       |     1 |     5 |     7 |       ||    13
 Stab: Sleeping          |     3 |     1 |       |     4 |       ||     8
       Distracted        |       |       |     3 |     8 |     4 ||    15
  Eat: Chunk             |     4 |     8 |     9 |    45 |    11 ||    77
       Fruit             |       |     2 |       |     4 |       ||     6
       Beef jerky        |       |     1 |     1 |     1 |       ||     3
       Bread ration      |       |       |     1 |       |       ||     1
       Pizza             |       |       |       |     1 |       ||     1
